AoeStats
← bar

Arabia

504317643Analyzed
4v4 RM · 28d ago on Sep 4, 2026· 65m 25s· 8 players
Game mode
Random Map
Map size
Large (8 player)
Population
200
Speed
Normal
Resources
Standard
Victory
Conquest
Starting age
Dark Age
Ending age
Imperial Age
RankedLock teamsTeams togetherTeam positionsShared explorationLock speedFull tech treeHidden civsTurbo modeCheats
Victory
Defeat
🇦🇷 Poles · Argentina
952
+12
🇨🇴 Persians · Colombia
952
+12
🇨🇳 Vikings · China
935
+13
🇩🇪 Teutons · Germany
905
+15
🇹🇷 Huns · Türkiye
891
-14
🇹🇷 Franks · Türkiye
882
-14
🇹🇷 Burgundians · Türkiye
870
-13
🇹🇷 Goths · Türkiye
817
-11
Maximus
0:28 Loom
11:46 Feudal Age
12:28 Double-Bit Axe
18:52 Castle Age
17:27 Horse Collar
17:46 Stone Mining
19:06 Gold Mining
19:32 Scale Barding Armor
21:26 Bow Saw
26:46 Scale Mail Armor
27:19 Heavy Plow
29:04 Wheelbarrow
30:56 Chain Mail Armor
34:04 Imperial Age
31:27 Pikeman
32:38 Squires
32:29 Arson
33:25 Forging
34:26 Halberdier
36:13 Plate Mail Armor
37:58 Chemistry
48:56 Fortified Wall
57:32 Caravan
61:02 Two-Man Saw
60:59 Iron Casting
63:58 Hand Cart
64:47 Blast Furnace
63:11 Man-at-Arms
63:38 Gambesons
64:18 Ballistics
64:04 Town Watch
65:00 Crop Rotation
64:55 Conscription
65:03 Elite Teutonic Knight
AlexTAN
1:11 Loom
13:40 Feudal Age
16:16 Wheelbarrow
18:57 Castle Age
17:42 Double-Bit Axe
17:44 Horse Collar
19:17 Bloodlines
19:45 Scale Mail Armor
19:51 Scale Barding Armor
20:29 Bow Saw
23:14 Heavy Plow
26:53 Hand Cart
29:21 Gold Mining
29:21 Stone Mining
30:57 Chain Mail Armor
31:02 Chain Barding Armor
31:09 Ballistics
34:42 Imperial Age
32:54 Gold Shaft Mining
32:54 Stone Shaft Mining
32:13 Town Watch
36:30 Two-Man Saw
36:03 Crop Rotation
36:39 Chemistry
36:12 Plate Mail Armor
36:17 Plate Barding Armor
35:38 Elite War Elephant
36:43 Citadels
36:55 Conscription
36:59 Kamandaran
42:44 Fletching
42:55 Padded Archer Armor
AGGM
7:08 Loom
9:58 Feudal Age
20:21 Castle Age
18:13 Horse Collar
18:47 Double-Bit Axe
20:32 Scale Barding Armor
20:37 Forging
21:45 Bloodlines
22:24 Bow Saw
24:42 Husbandry
25:32 Wheelbarrow
26:45 Iron Casting
29:14 Chain Barding Armor
30:02 Hand Cart
29:44 Gold Mining
29:44 Stone Mining
31:18 Szlachta Privileges
36:32 Imperial Age
35:03 Stone Shaft Mining
36:04 Scale Mail Armor
37:41 Chain Mail Armor
38:27 Blast Furnace
37:15 Cavalier
37:17 Light Cavalry
39:13 Plate Mail Armor
39:13 Conscription
39:04 Heavy Plow
45:48 Winged Hussar
47:41 Crop Rotation
60:28 Padded Archer Armor
60:19 Fletching
61:40 Chemistry
60:25 Arrowslits
60:31 Guard Tower
60:24 Treadmill Crane
61:06 Ballistics
60:37 Guard Tower
60:59 Careening
64:38 Leather Archer Armor
64:18 Bodkin Arrow
64:53 Lechitic Legacy
63:54 Elite Obuch
65:11 Hoardings
65:15 Sappers
板蓝根
5:16 Loom
14:06 Feudal Age
16:21 Man-at-Arms
16:51 Double-Bit Axe
19:00 Arson
24:24 Horse Collar
24:51 Gold Mining
27:29 Castle Age
26:22 Stone Mining
27:41 Long Swordsman
28:06 Gambesons
27:53 Long Swordsman
29:10 Elite Skirmisher
29:15 Pikeman
29:55 Squires
30:44 Gold Shaft Mining
32:14 Bow Saw
31:51 Town Watch
34:02 Ballistics
33:39 Murder Holes
33:58 Masonry
36:22 Town Patrol
42:50 Imperial Age
43:14 Guard Tower
43:10 Treadmill Crane
45:23 Chemistry
62:49 Siege Engineers
63:16 Architecture
bar
4:06 Loom
14:44 Feudal Age
16:46 Wheelbarrow
15:55 Horse Collar
16:22 Double-Bit Axe
17:29 Gold Mining
18:34 Town Watch
19:25 Scale Barding Armor
19:46 Forging
20:46 Bloodlines
21:55 Stone Mining
27:30 Castle Age
29:12 Chain Barding Armor
29:28 Iron Casting
28:17 Light Cavalry
28:58 Husbandry
29:05 Husbandry
29:14 Heavy Plow
30:58 Gold Shaft Mining
31:04 Hand Cart
31:25 Bow Saw
34:16 Town Patrol
42:40 Imperial Age
40:40 Marauders
43:35 Elite Tarkan
44:59 Plate Barding Armor
45:32 Blast Furnace
mstyvz00
0:59 Loom
Must_61
1:23 Loom
10:55 Feudal Age
15:58 Castle Age
14:59 Double-Bit Axe
15:34 Town Watch
17:31 Bow Saw
19:00 Town Watch
23:00 Wheelbarrow
26:11 Gold Mining
27:45 Forging
28:33 Hand Cart
29:54 Town Patrol
33:37 Imperial Age
32:43 Iron Casting
32:14 Scale Barding Armor
32:12 Husbandry
32:17 Stone Mining
33:02 Gold Shaft Mining
33:13 Gold Shaft Mining
33:44 Cavalier
34:54 Conscription
35:39 Blast Furnace
35:00 Chain Barding Armor
35:05 Paladin
44:19 Plate Barding Armor
48:42 Scale Mail Armor
50:10 Ballistics
50:50 Chemistry
50:54 Squires
50:39 Arson
51:26 Pikeman
51:54 Gambesons
CHR1453
10:24 Feudal Age
9:57 Double-Bit Axe
23:29 Town Watch
43:44 Castle Age
52:55 Wheelbarrow
52:06 Town Watch
54:10 Hand Cart
56:58 Town Patrol
57:55 Bow Saw
57:29 Horse Collar
60:12 Two-Man Saw
59:14 Heavy Plow
63:11 Imperial Age
60:49 Cavalier
61:46 Burgundian Vineyards
61:44 Husbandry
61:59 Forging
62:55 Scale Barding Armor
63:27 Iron Casting
62:33 Light Cavalry
63:34 Paladin
Connection lost

Rejoining the realm…

Still unreachable

The connection could not be restored.

Session expired

The server has moved on; the page needs a fresh start.